 Dungeon Crawl Stone Soup version 0.28-a0-691-gad6df49e81 (webtiles) character file.

Game seed: 3525015563502945733

305 kae the Insei (level 6, 0/51 HPs)
             Began as a Draconian Transmuter on Oct 20, 2021.
             Slain by Prince Ribbit (14 damage)
             ... on level 5 of the Dungeon.
             The game lasted 00:02:09 (3725 turns).

kae the Insei (Draconian Transmuter)                Turns: 3725, Time: 00:02:10

Health: 0/51       AC:  6    Str: 12    XL:     6   Next: 16%
Magic:  6/9        EV: 12    Int: 15    God:
Gold:   111        SH:  0    Dex: 12    Spells: 1/9 levels left

rFire   . . .      SeeInvis .     - Unarmed
rCold   . . .      Faith    .   (no shield)
rNeg    . . .      Spirit   .   (armour unavailable)
rPois   .          Reflect  .   (helmet restricted)
rElec   .          Harm     .   (no cloak)
rCorr   .          Rampage  .   (no gloves)
Will    .....                   (no boots)
Stlth   +.........              (no amulet)
HPRegen 0.17/turn               (no ring)
MPRegen 0.11/turn               (no ring)

@: about to teleport, very slightly contaminated
A: AC +6, unfitting armour, cold-blooded
a: no special abilities


You were on level 5 of the Dungeon.
You visited 1 branch of the dungeon, and saw 5 of its levels.

You collected 111 gold pieces.

Inventory:

Jewellery
 h - a ring of willpower
Scrolls
 a - 4 scrolls of teleportation
 e - a scroll of noise
 f - a scroll of identify
 g - a scroll of vulnerability {unknown}
 l - a scroll of fear {unknown}
Potions
 b - 2 potions of curing {unknown}
 c - a potion of resistance
 d - a potion of might {unknown}
 i - a potion of ambrosia {unknown}
 j - a potion of magic {unknown}
 k - a potion of mutation {unknown}


   Skills:
 + Level 3.1 Fighting
 - Level 1.7 Dodging
 * Level 5.0 Unarmed Combat
 - Level 2.0 Spellcasting
 + Level 3.4 Transmutations
 * Level 0.5 Ice Magic
 - Level 2.0 Poison Magic


You had one spell level left.
You knew the following spells:

 Your Spells              Type           Power      Damage    Failure   Level
a - Beastly Appendage     Tmut           22%        N/A       5%          1
b - Spider Form           Tmut/Pois      4%         N/A       22%         3
c - Ice Form              Ice/Tmut       7%         N/A       69%         4

Your spell library contained the following spells:

 Spells                   Type           Power      Damage    Failure   Level
 Sandblast                Erth           2%         2d4       22%         1
 Wereblood                Tmut           11%        N/A       9%          2
 Passwall                 Tmut/Erth      5%         N/A       17%         2
 Slow                     Hex            1%         N/A       32%         2
 Confusing Touch          Hex            1%         N/A       54%         3
 Stone Arrow              Conj/Erth      2%         3d7       54%         3
 Yara's Violent Unravell  Hex/Tmut       3%         3d4       97%         5


Dungeon Overview and Level Annotations

Branches:
Dungeon (4/15)
 Temple: D:4-7

Altars:

Shops:
D:2 (

Annotations:
D:5 Prince Ribbit


Innate Abilities, Weirdness & Mutations

Your plain brown scales are hard. (AC +6)
You cannot fit into any form of body armour.
You are cold-blooded and may be slowed by cold attacks.


Message History

Your punch misses the bullfrog skeleton.
The bullfrog skeleton is severely damaged.
The bullfrog skeleton misses you. The bullfrog skeleton hits you.
You barely miss the bullfrog skeleton.
The bullfrog skeleton is severely damaged.
The bullfrog skeleton barely misses you.
You hit the bullfrog skeleton. You claw the bullfrog skeleton.
You destroy the bullfrog skeleton!
Your transformation is almost over.
Magic restored.
Your horns disappear.
Your talons disappear.
HP restored.
You open the door.
There is an open door here.
Found a rapier.
Prince Ribbit comes into view.
An ogre comes into view. It is wielding a +0 giant spiked club.
Prince Ribbit lets out a mournful croak.
Prince Ribbit hits you but does no damage.
An adder comes into view.
Prince Ribbit hits you!
Casting: Beastly Appendage (safe; 5% risk of failure)
Confirm with . or Enter, or press ? or * to list all spells.
You miscast Spider Form.
You are very lightly contaminated with residual magic.
Nothing appears to happen.
The adder hisses angrily.
Prince Ribbit hits you!
There are monsters nearby!
As you read the scroll labelled YZIZEL NULE, it crumbles to dust.
You hear a loud clanging noise!
It was a scroll of noise.
The ogre shouts!
You hear a shout!
Prince Ribbit hits you!
Prince Ribbit hits you but does no damage.
As you read the scroll of teleportation, it crumbles to dust.
You feel strangely unstable. The adder bites you.
* * * LOW HITPOINT WARNING * * *
Prince Ribbit hits you!
You die...

###.##......# #.#
............># #.#
.#.#.##......# #.# #.#
#####+########.# #
#..........#
.######.##########
................
#.......################
+.......'...@F......$..#
#.......####S....?...#.#
#.......# #............
#.......# #O..........#
#.......# #...........#
#......................#
#####....O..)..........#
#..................#
...............#


You could see Prince Ribbit, an ogre and an adder.

Vanquished Creatures
  A necrophage (D:4)
  A bullfrog skeleton (D:5)
  An orc wizard (D:3)
  4 gnolls (D:3)
  5 adders
  2 worms (D:2)
  3 dart slugs (D:1)
  8 orcs
  4 ball pythons
  5 bats
  5 endoplasms
  3 giant cockroaches
  3 goblins
  4 hobgoblins
  3 jackals
  4 kobolds (D:1)
  3 quokkas
  4 frilled lizards
  7 rats
70 creatures vanquished.

Notes
Turn   | Place    | Note
-------+----------+-------------------------------------------
     0 | D:1      | kae the Draconian Transmuter began the quest for the Orb.
     0 | D:1      | Reached XP level 1. HP: 16/16 MP: 3/3
   205 | D:1      | Reached XP level 2. HP: 17/23 MP: 3/5
   929 | D:1      | Reached XP level 3. HP: 27/29 MP: 4/6
  1188 | D:1      | Found a faded altar of an unknown god.
  1720 | D:1      | Learned a level 3 spell: Spider Form
  2143 | D:2      | Reached skill level 4 in Unarmed Combat
  2143 | D:2      | Reached skill level 1 in Poison Magic
  2143 | D:2      | Reached XP level 4. HP: 30/36 MP: 5/7
  2331 | D:2      | Found Lafuif's Antique Weapon Emporium.
  2838 | D:3      | Reached XP level 5. HP: 37/42 MP: 5/8
  3368 | D:3      | You fall into a shaft and drop 1 floor!
  3386 | D:4      | Noticed a necrophage
  3401 | D:4      | Killed a necrophage
  3588 | D:3      | Reached XP level 6. HP: 50/51 MP: 7/9
  3593 | D:3      | Learned a level 4 spell: Ice Form
  3615 | D:3      | Reached skill level 5 in Unarmed Combat
  3643 | D:3      | You fall into a shaft and drop 2 floors!
  3643 | D:5      | Entered Level 5 of the Dungeon
  3716 | D:5      | Noticed Prince Ribbit
  3725 | D:5      | Slain by Prince Ribbit

Illustrated notes

Levels and vault maps discovered:
D:1:      dpeg_arrival_stone_temple_mockup, layout_basic, basic_ecumenical_altar
D:2:      layout_rooms, serial_shops, shop, mrwooster_statue_mirror
D:3:      minmay_chambers_of_twos, layout_loops_cross,
          kennysheep_generic_room_12
D:4:      layout_rooms, serial_undead, serial_undead_f, serial_undead_b,
          serial_undead_b, serial_undead_d, minmay_misc_feat_chi
D:5:      layout_basic, nicolae_ru_the_path_less_chosen,
          chequers_temple_overflow_statue_of_worship, uniq_edmund,
          uniq_prince_ribbit1

Skill      XL: |  1  2  3  4  5  6 |
---------------+-------------------+-----
Fighting       | 2 3 |  3.1
Unarmed Combat | 4 5 |  5.0
Poison Magic   | 1 2 |  2.0
Transmutations | 3 |  3.4
Dodging        | |  1.7
Spellcasting   | |  2.0
Ice Magic      | |  0.5

Action                   |  1- 3 |  4- 6 || total
-------------------------+-------+-------++-------
Melee: Unarmed           |   107 |   112 ||   219
       Kick              |     8 |     8 ||    16
       Headbutt          |     8 |     2 ||    10
       Tailslap          |    13 |     2 ||    15
 Cast: Beastly Appendage |    19 |    11 ||    30
       Spider Form       |     1 |     6 ||     7
  Use: Scroll            |     3 |     2 ||     5
Armor: Skin              |    37 |    20 ||    57
Dodge: Dodged            |    82 |    86 ||   168

Table legend: (Time is in decaauts)
 A = Elapsed time spent in this place.
 B = Non-inter-level travel time spent in this place.
 C = Inter-level travel time spent in this place.
 D = Time resting spent in this place.
 E = Time spent auto-exploring this place.
 F = Levels seen in this place.
 G = Mean time per level.
                   A        B        C        D        E       F      G
               +--------+--------+--------+--------+--------+-----+--------+
         Total |   3711 |   3612 |     99 |    192 |   2868 |   5 |  742.2 |
       Dungeon |   3711 |   3612 |     99 |    192 |   2868 |   5 |  742.2 |
               +--------+--------+--------+--------+--------+-----+--------+

Top non-repeatable levels by time:
     D:1: 1596 daAuts
     D:3: 1023 daAuts
     D:2: 938 daAuts
     D:5: 81 daAuts
     D:4: 71 daAuts
